 Dungeon Crawl Stone Soup version 0.27-a0-1277-g3808f8b1c9 (webtiles) character file.

Game seed: 7390938812889658414

486 Gargoyl the Skirmisher (level 7, -12/60 HPs)
             Began as a Gnoll Abyssal Knight on June 12, 2021.
             Was a Believer of Lugonu.
             Mangled by Prince Ribbit (15 damage)
             ... on level 4 of the Dungeon.
             The game lasted 00:06:40 (5816 turns).

Gargoyl the Skirmisher (Gnoll Abyssal Knight)       Turns: 5816, Time: 00:06:40

Health: -12/60     AC:  9    Str: 13    XL:     7   Next: 13%
Magic:  10/10      EV: 11    Int: 12    God:    Lugonu [**....]
Gold:   195        SH:  4    Dex: 11    Spells: 10/10 levels left

rFire    . . .     SeeInvis .   a - +2 hand axe (freeze)
rCold    . . .     Faith    .   e - +0 buckler {AC+3}
rNeg     . . .     Spirit   .   m - +0 ring mail
rPois    +         Reflect  .   (no helmet)
rElec    .         Harm     .   (no cloak)
rCorr    .         Rampage  .   (no gloves)
Will     +....                  (no boots)
Stlth    +.........             f - amulet of the acrobat
HPRegen  0.20/turn              h - ring of poison resistance
MPRegen  0.12/turn              l - ring of willpower

@: mighty
A: fangs 1, strong nose, distributed training
a: Renounce Religion, Depart the Abyss, Bend Space


You were on level 4 of the Dungeon.
You worshipped Lugonu.
Lugonu was pleased with you.
You visited 1 branch of the dungeon, and saw 5 of its levels.
You visited the Abyss 1 time.

You collected 195 gold pieces.

Inventory:

Hand Weapons
 a - a +2 hand axe of freezing (weapon)
Missiles
 o - 34 poisoned darts (quivered)
Armour
 e - a +0 buckler of protection (worn)
 m - a +0 ring mail (worn)
Jewellery
 f - an amulet of the acrobat (around neck)
 h - a ring of poison resistance (left hand)
 l - a ring of willpower (right hand)
Scrolls
 g - 2 scrolls of identify
Potions
 i - a potion of ambrosia {unknown}
 k - 2 potions of curing {unknown}
 p - a potion of lignification {unknown}
 q - a potion of magic {unknown}


   Skills:
 + Level 7.0 Fighting
 + Level 2.3 Short Blades
 + Level 2.3 Long Blades
 + Level 5.1 Axes
 + Level 2.3 Maces & Flails
 + Level 2.3 Polearms
 + Level 2.3 Staves
 + Level 2.3 Slings
 + Level 2.3 Bows
 + Level 2.3 Crossbows
 + Level 2.3 Throwing
 + Level 5.1 Armour
 + Level 3.5 Dodging
 + Level 2.3 Stealth
 + Level 2.3 Shields
 + Level 2.3 Unarmed Combat
 + Level 2.3 Spellcasting
 + Level 1.8 Conjurations
 + Level 1.8 Hexes
 + Level 1.8 Summonings
 + Level 1.8 Necromancy
 + Level 1.8 Translocations
 + Level 1.8 Transmutations
 + Level 1.8 Fire Magic
 + Level 1.8 Ice Magic
 + Level 1.8 Air Magic
 + Level 1.8 Earth Magic
 + Level 1.8 Poison Magic
 + Level 5.3 Invocations
 + Level 2.3 Evocations


You had 10 spell levels left.
You didn't know any spells.
Your spell library was empty.

Dungeon Overview and Level Annotations

Branches:
Dungeon (5/15)
 Temple: D:4-7

Altars:

Shops:
D:1 (

Annotations:
D:4 Prince Ribbit
D:5 Menkaure


Innate Abilities, Weirdness & Mutations

You have very sharp teeth.
Your uncanny sense of smell can sniff out nearby items.
Your experience applies equally to all skills.


Message History

There is a stone staircase leading down, spattered with blood here.
You hit Prince Ribbit.
Prince Ribbit seems to slow down.
You freeze Prince Ribbit. Your bite misses Prince Ribbit.
Prince Ribbit is lightly wounded.
Prince Ribbit hits you!
You hit Prince Ribbit. You freeze Prince Ribbit.
Prince Ribbit is moderately wounded.
Prince Ribbit closely misses you.
You closely miss Prince Ribbit.
Prince Ribbit is moderately wounded.
Prince Ribbit is no longer moving slowly.
You block Prince Ribbit's attack.
You hit Prince Ribbit. You freeze Prince Ribbit.
Prince Ribbit is moderately wounded.
Prince Ribbit hits you!
You closely miss Prince Ribbit.
Prince Ribbit is moderately wounded.
Prince Ribbit hits you!
* * * LOW HITPOINT WARNING * * *
Prince Ribbit closely misses you.
You feel much better.
Prince Ribbit blinks!
You feel very mighty all of a sudden.
You closely miss Prince Ribbit. Your bite misses Prince Ribbit.
Prince Ribbit is moderately wounded.
Prince Ribbit catches a fly with his tongue.
Prince Ribbit hits you!
You closely miss Prince Ribbit.
Prince Ribbit is moderately wounded.
Prince Ribbit hits you!
* * * LOW HITPOINT WARNING * * *
You barely miss Prince Ribbit. Your bite misses Prince Ribbit.
Prince Ribbit is moderately wounded.
Prince Ribbit hits you!
* * * LOW HITPOINT WARNING * * *
Prince Ribbit closely misses you.
Okay, then.
You miss Prince Ribbit.
Prince Ribbit is moderately wounded.
Prince Ribbit hits you!
You die...

#...#. #...#.
#...#. #...#.
#############...#.
#.............[...
#.###########...#.
#.###########...##
#@F...............
#.###########...##
#...# #...#
###.### #...#
#...# ##### ###.#
#.# #.# ### #.#
#..


You could see Prince Ribbit.

Vanquished Creatures
  A water moccasin (D:5)
  An ogre (D:4)
  3 wights (D:4)
  Jessica (D:3)
  4 gnolls
  An adder (D:2)
  2 white imps
  3 dart slugs
  An orc (D:4)
  3 bats
  3 endoplasms
  3 giant cockroaches
  6 goblins
  10 hobgoblins
  7 jackals
  5 quokkas
  7 ball pythons
  8 frilled lizards
  9 kobolds
  7 rats
85 creatures vanquished.

Notes
Turn   | Place    | Note
-------+----------+-------------------------------------------
     0 | Abyss:1  | Gargoyl the Gnoll Abyssal Knight began the quest for the
                  | Orb.
     0 | Abyss:1  | Reached XP level 1. HP: 23/23 MP: 3/3
    47 | Abyss:1  | Noticed a thrashing horror
    52 | D:1      | Escaped the Abyss
   103 | D:1      | Reached XP level 2. HP: 6/29 MP: 5/5
   412 | D:1      | Reached * piety under Lugonu
   893 | D:1      | Found Gudgh's Antique Weapon Shop.
   993 | D:1      | Reached XP level 3. HP: 31/35 MP: 6/6
  1544 | D:2      | Reached skill level 1 in Short Blades
  1544 | D:2      | Reached skill level 1 in Long Blades
  1544 | D:2      | Reached skill level 1 in Maces & Flails
  1544 | D:2      | Reached skill level 1 in Polearms
  1544 | D:2      | Reached skill level 1 in Staves
  1544 | D:2      | Reached skill level 1 in Slings
  1544 | D:2      | Reached skill level 1 in Bows
  1544 | D:2      | Reached skill level 1 in Crossbows
  1544 | D:2      | Reached skill level 1 in Throwing
  1544 | D:2      | Reached skill level 1 in Stealth
  1544 | D:2      | Reached skill level 1 in Shields
  1544 | D:2      | Reached skill level 1 in Unarmed Combat
  1544 | D:2      | Reached skill level 1 in Spellcasting
  1544 | D:2      | Reached skill level 1 in Evocations
  1549 | D:3      | Reached ** piety under Lugonu
  1550 | D:3      | Reached XP level 4. HP: 5/41 MP: 7/7
  1838 | D:3      | Found a faded altar of an unknown god.
  2398 | D:2      | Reached skill level 1 in Conjurations
  2398 | D:2      | Reached skill level 1 in Hexes
  2398 | D:2      | Reached skill level 1 in Summonings
  2398 | D:2      | Reached skill level 1 in Necromancy
  2398 | D:2      | Reached skill level 1 in Translocations
  2398 | D:2      | Reached skill level 1 in Transmutations
  2398 | D:2      | Reached skill level 1 in Fire Magic
  2398 | D:2      | Reached skill level 1 in Ice Magic
  2398 | D:2      | Reached skill level 1 in Air Magic
  2398 | D:2      | Reached skill level 1 in Earth Magic
  2398 | D:2      | Reached skill level 1 in Poison Magic
  3352 | D:3      | Noticed Jessica
  3359 | D:3      | Killed Jessica
  3360 | D:3      | Reached XP level 5. HP: 44/47 MP: 8/8
  3832 | D:4      | Identified a scroll of acquirement
  3832 | D:4      | Acquired a +0 buckler of protection
  4134 | D:4      | Reached skill level 5 in Invocations
  4134 | D:4      | Reached XP level 6. HP: 14/48 MP: 9/9
  4922 | D:5      | Entered Level 5 of the Dungeon
  4938 | D:5      | Noticed a water moccasin
  4948 | D:5      | Noticed Prince Ribbit
  4949 | D:5      | Killed a water moccasin
  4950 | D:5      | Reached skill level 5 in Axes
  4950 | D:5      | Reached skill level 5 in Armour
  5470 | D:4      | Reached XP level 7. HP: 21/59 MP: 8/10
  5722 | D:5      | Reached skill level 7 in Fighting
  5788 | D:5      | Noticed Menkaure
  5815 | D:4      | HP: 3/60 [Prince Ribbit (11)]
  5816 | D:4      | Mangled by Prince Ribbit

Illustrated notes

Levels and vault maps discovered:
D:1:      dpeg_arrival_rooms_with_view, layout_rooms, serial_shops,
          nicolae_shop_stone
D:2:      layout_basic, minmay_goblin_kobold_house
D:3:      layout_loops_cross, ebering_ecumenical_altar_mist, hex_large,
          uniq_jessica
D:4:      layout_basic
D:5:      layout_loops_ring, uniq_menkaure, uniq_prince_ribbit1, uniq_ijyb,
          uniq_eustachio

Skill      XL: |  1  2  3  4  5  6  7 |
---------------+----------------------+-----
Short Blades   | 1 2 |  2.3
Long Blades    | 1 2 |  2.3
Maces & Flails | 1 2 |  2.3
Polearms       | 1 2 |  2.3
Staves         | 1 2 |  2.3
Slings         | 1 2 |  2.3
Bows           | 1 2 |  2.3
Crossbows      | 1 2 |  2.3
Throwing       | 1 2 |  2.3
Stealth        | 1 2 |  2.3
Shields        | 1 2 |  2.3
Unarmed Combat | 1 2 |  2.3
Spellcasting   | 1 2 |  2.3
Evocations     | 1 2 |  2.3
Conjurations   | 1 |  1.8
Hexes          | 1 |  1.8
Summonings     | 1 |  1.8
Necromancy     | 1 |  1.8
Translocations | 1 |  1.8
Transmutations | 1 |  1.8
Fire Magic     | 1 |  1.8
Ice Magic      | 1 |  1.8
Air Magic      | 1 |  1.8
Earth Magic    | 1 |  1.8
Poison Magic   | 1 |  1.8
Dodging        | 3 |  3.5
Invocations    | 5 |  5.3
Axes           | 5 |  5.1
Armour         | 5 |  5.1
Fighting       | 7 |  7.0

Action                   |  1- 3 |  4- 6 |  7- 9 || total
-------------------------+-------+-------+-------++-------
Melee: Hand axe          |    79 |   119 |    16 ||   214
       Bite              |     4 |    11 |       ||    15
Throw: Dart              |       |     5 |       ||     5
Invok: Depart the Abyss  |     1 |       |       ||     1
       Bend Space        |       |     2 |       ||     2
  Use: Scroll            |     2 |     7 |       ||     9
       Potion            |       |     6 |     2 ||     8
 Stab: Sleeping          |       |     4 |       ||     4
Armor: Leather armour    |    20 |    29 |       ||    49
       Ring mail         |       |    19 |     3 ||    22
Dodge: Dodged            |    55 |   116 |     4 ||   175
Block: Buckler           |       |    11 |     2 ||    13

Table legend: (Time is in decaauts)
 A = Elapsed time spent in this place.
 B = Non-inter-level travel time spent in this place.
 C = Inter-level travel time spent in this place.
 D = Time resting spent in this place.
 E = Time spent auto-exploring this place.
 F = Levels seen in this place.
 G = Mean time per level.
                   A        B        C        D        E       F      G
               +--------+--------+--------+--------+--------+-----+--------+
         Total |   5822 |   5732 |     90 |    453 |   4495 |   6 |  970.3 |
       Dungeon |   5770 |   5680 |     90 |    453 |   4458 |   5 | 1154.0 |
         Abyss |     52 |     52 |      0 |      0 |     37 |   1 |   52.0 |
               +--------+--------+--------+--------+--------+-----+--------+

Top non-repeatable levels by time:
     D:4: 1862 daAuts
     D:2: 1515 daAuts
     D:1: 1374 daAuts
     D:3: 881 daAuts
     D:5: 137 daAuts
 Abyss:1: 52 daAuts
